 Dungeon Crawl Stone Soup version 0.29.1-1-gd02db6906a (webtiles) character file.

Game seed: 12045406676708369107

1367 groovy9 the Shooter (level 8, -6/91 HPs)
             Began as a Formicid Hunter on Sept 17, 2022.
             Was an Initiate of Hepliaklqana.
             Mangled by an ice beast (8 damage)
             ... on level 6 of the Dungeon on Sept 18, 2022.
             The game lasted 00:16:04 (6303 turns).

groovy9 the Shooter (Formicid Hunter)               Turns: 6303, Time: 00:16:04

Health: -6/91      AC: 24    Str: 22    XL:     8   Next: 97%
Magic:  8/8        EV:  2    Int:  9    God:    Hepliaklqana [......]
Gold:   165        SH:  0    Dex: 19    Spells: 7/7 levels left

rFire   . . .      SeeInvis .   a - +0 shortbow
rCold   . . .      Faith    .   (no shield)
rNeg    . . .      Spirit   .   (body armour currently unavailable)
rPois   +          Reflect  .   (helmet unavailable)
rElec   .          Harm     .   (cloak currently unavailable)
rCorr   .          Rampage  .   (gloves currently unavailable)
Will    +....                   (boots currently unavailable)
Stlth   +++.......              (no amulet)
HPRegen 0.25/turn               j - +6 ring of strength
MPRegen 0.11/turn               g - ring of willpower

@: tree-form
A: stationary, stasis, torment immunity, boosted hp, permanent stasis, dig
shafts and tunnels, (antennae 3), four strong arms
a: Renounce Religion


You were on level 6 of the Dungeon.
You worshipped Hepliaklqana.
Hepliaklqana was noncommittal.
You were a tree.
You visited 2 branches of the dungeon, and saw 7 of its levels.

You collected 165 gold pieces.

Inventory:

Hand Weapons
 a - a +0 shortbow (weapon)
Armour
 c - a +0 leather armour
 h - the +1 leather armour "Neruogue" (melded) {Harm rN+ Str+3 SInv}
   (You found it on level 5 of the Dungeon)

   Str:       It affects your strength (+3).
   rN:        It protects you from negative energy.
   SInv:      It lets you see invisible.
   Harm:      It increases damage dealt and taken.
 l - a +1 kite shield
Jewellery
 g - a ring of willpower (right branch)
 j - a +6 ring of strength (left branch)
Wands
 p - a wand of flame (11)
 r - a wand of acid (7)
Scrolls
 b - a scroll of immolation
 f - 2 scrolls of fear
 n - a scroll of enchant armour
 t - a scroll of magic mapping {unknown}
Potions
 d - a potion of curing
 e - a potion of lignification
 i - a potion of mutation
 k - 2 potions of degeneration
 m - a potion of attraction {unknown}
 o - a potion of berserk rage {unknown}
 q - a potion of cancellation {unknown}
 s - a potion of brilliance {unknown}
 u - a potion of flight {unknown}


   Skills:
 + Level 4.8 Fighting
 * Level 6.9 Ranged Weapons
 + Level 4.0 Armour
 + Level 3.8 Dodging
 + Level 5.3 Stealth
 + Level 3.4 Evocations


You had 7 spell levels left.
You didn't know any spells.
Your spell library contained the following spells:

 Spells                   Type           Power      Damage    Failure   Level
 Summon Forest            Summ/Tloc      0%         N/A       100%        5
 Eringya's Noxious Bog    Tmut/Pois      0%         N/A       100%        6
 Summon Hydra             Summ           0%         N/A       100%        7


Dungeon Overview and Level Annotations

Branches:
Dungeon (6/15)             Temple (1/1) D:5

Altars:
Ashenzari
Cheibriados
Dithmenos
Elyvilon
Gozag
Hepliaklqana
Kikubaaqudgha
Makhleb
Nemelex Xobeh
Okawaru
Qazlal
Ru
Trog
Vehumet
Wu Jian
Xom
Yredelemnul
Zin
The Shining One

Shops:
D:4 [


Innate Abilities, Weirdness & Mutations

You are a tree.
Your roots penetrate the ground, keeping you stationary.
You cannot be teleported.
You are immune to unholy pain and torment.
Your maximum health is greatly increased.
Your equipment is partially melded.
You cannot be hasted, slowed, berserked, paralysed or teleported.
You can dig through walls and to a lower floor.
((You have a pair of large antennae on your head. (SInv)))
Your four strong arms can wield two-handed weapons with a shield.


Message History

* * * LOW HITPOINT WARNING * * *
Really quaff the potion of lignification?
You turn into a tree.
The +1 leather armour "Neruogue" {Harm rN+ Str+3 SInv} melds into your body.
Your roots penetrate the ground.
The ice beast hits you but does no damage.
Fire: a) +0 shortbow
Press: ? - help, Q - select action, (/) - cycle Shift-Dir - straight line, f/p - ice beast
Aim: an ice beast (lightly wounded, 66% to hit)
You shoot an arrow. The arrow hits the ice beast.
The ice beast is lightly wounded.
The ice beast hits you but does no damage.
Fire: a) +0 shortbow
Press: ? - help, Q - select action, (/) - cycle Shift-Dir - straight line, f/p - ice beast
Aim: an ice beast (lightly wounded, 66% to hit)
You shoot an arrow. The arrow hits the ice beast!
The ice beast is severely wounded.
The ice beast hits you.
* * * LOW HITPOINT WARNING * * *
The ice beast freezes you!
* * * LOW HITPOINT WARNING * * *
Fire: a) +0 shortbow
Press: ? - help, Q - select action, (/) - cycle Shift-Dir - straight line, f/p - ice beast
Aim: an ice beast (severely wounded, 66% to hit)
You shoot an arrow. The arrow hits the ice beast.
The ice beast is severely wounded.
The ice beast hits you but does no damage.
The ice beast hits you.
* * * LOW HITPOINT WARNING * * *
The ice beast freezes you.
* * * LOW HITPOINT WARNING * * *
Fire: a) +0 shortbow
Press: ? - help, Q - select action, (/) - cycle Shift-Dir - straight line, f/p - ice beast
Aim: an ice beast (severely wounded, 66% to hit)
You shoot an arrow. The arrow hits the ice beast.
The ice beast is almost dead.
The ice beast hits you.
* * * LOW HITPOINT WARNING * * *
The ice beast freezes you!
You die...

........ ..... ...
.....#.# <......#
#.#.##.#####.##.#.
.#####.#
###................
.....
...............##.#
.....
.........####..##.######
...#
#.....................
...#
#..##.#####.....######
##.## # #.######.##.#
....# #♣##.....##.#
.....
.....$Y.######.##.#
##.#. ........# #.##.) #
.....##.# #.##.# ###.#
#.# #..... ##.#.# ## #.#
###### ...... #.# ####..
#.#


You could see an ice beast.

Vanquished Creatures
  A sky beast (D:6)
  An ice beast (D:6)
  A black bear (D:5)
  An ogre (D:5)
  A phantom (D:3)
  Blork the orc (D:6)
  2 scorpions (D:5)
  5 wights (D:4)
  A howler monkey (D:4)
  2 hounds (D:6)
  A gnoll bouda (D:6)
  A jelly (D:6)
  An orc priest (D:6)
  4 iguanas
  An orc wizard (D:6)
  2 gnolls (D:6)
  4 adders
  3 white imps
  3 worms
  4 dart slugs
  7 orcs
  6 ball pythons
  3 endoplasms
  3 giant cockroaches
  10 goblins
  6 hobgoblins
  4 jackals (D:2)
  7 quokkas
  6 bats
  3 frilled lizards (D:1)
  5 kobolds
  6 rats
106 creatures vanquished.

Notes
Turn   | Place    | Note
-------+----------+-------------------------------------------
     0 | D:1      | groovy9 the Formicid Hunter began the quest for the Orb.
     0 | D:1      | Reached XP level 1. HP: 16/16 MP: 1/1
   147 | D:1      | Reached XP level 2. HP: 23/23 MP: 2/2
   710 | D:1      | Reached XP level 3. HP: 28/28 MP: 3/3
  1141 | D:2      | Reached skill level 1 in Armour
  1356 | D:2      | Identified the +11 short sword "Xoankod" {vorpal, rElec rC-
                  | rCorr Int+6}
  1753 | D:3      | Reached XP level 4. HP: 25/34 MP: 4/4
  1961 | D:3      | Noticed a phantom
  1971 | D:3      | Killed a phantom
  1972 | D:3      | Reached XP level 5. HP: 19/41 MP: 5/5
  2452 | D:3      | Found a burning altar of Makhleb.
  2455 | D:3      | Found an ancient bone altar of Kikubaaqudgha.
  2455 | D:3      | Found a shimmering altar of Xom.
  2461 | D:3      | Found a stormy altar of Qazlal.
  2461 | D:3      | Found a basalt altar of Yredelemnul.
  2461 | D:3      | Found an ornate altar of the Wu Jian Council.
  2538 | D:3      | Found an ancient bone altar of Kikubaaqudgha.
  2540 | D:3      | Found a bloodstained altar of Trog.
  2807 | D:4      | Reached skill level 5 in Ranged Weapons
  2807 | D:4      | Reached XP level 6. HP: 47/47 MP: 6/6
  2944 | D:4      | Found Pagepril's Armour Shoppe.
  3126 | D:4      | Reached skill level 1 in Evocations
  3154 | D:4      | Reached XP level 7. HP: 11/51 MP: 7/7
  3951 | D:5      | Entered Level 5 of the Dungeon
  3960 | D:5      | Identified the +1 leather armour "Neruogue" {Harm rN+ Str+3
                  | SInv}
  3981 | D:5      | Found a staircase to the Ecumenical Temple.
  3989 | Temple   | Entered the Ecumenical Temple
  4011 | Temple   | Became a worshipper of Hepliaklqana the Forgotten
  4241 | D:5      | Reached skill level 6 in Ranged Weapons
  4542 | D:5      | Reached XP level 8. HP: 60/60 MP: 8/8
  5767 | D:6      | Noticed Blork the orc
  5777 | D:6      | Killed Blork the orc
  5924 | D:6      | Reached skill level 5 in Stealth
  6303 | D:6      | HP: 2/91 [ice beast (4)]
  6303 | D:6      | Mangled by an ice beast

Illustrated notes

Levels and vault maps discovered:
D:1:      onia_arrival_mini_maze, layout_loops_corners,
          hangedman_abyss_or_decor_stabs, grunt_decor_mini_mirrors,
          nrook_mini_backslash
D:2:      layout_rooms, kennysheep_another_room
D:3:      layout_loops_ring, doesnt_xom_only_xom,
          gammafunk_temple_overflow_statue
D:4:      layout_basic, serial_shops, nicolae_shop_statue_plus
D:5:      layout_rooms, minmay_temple_entry_mini_moons, nicolae_sextant
D:6:      layout_basic, guppyfry_early_elven_hall, uniq_blork_the_orc
Temple:   nicolae_temple_bog_church

Skill      XL: |  1  2  3  4  5  6  7  8 |
---------------+-------------------------+-----
Dodging        | 2 3 |  3.8
Armour         | 1 2 3 4 |  4.0
Stealth        | 2 3 4 5 |  5.3
Fighting       | 3 4 |  4.8
Ranged Weapons | 5 6 |  6.9
Evocations     | 1 2 3 |  3.4

Action                   |  1- 3 |  4- 6 |  7- 9 || total
-------------------------+-------+-------+-------++-------
 Fire: Shortbow          |    91 |   106 |   171 ||   368
 Abil: Dig               |     1 |       |       ||     1
  Use: Scroll            |     7 |     2 |     2 ||    11
       Potion            |     1 |     3 |     3 ||     7
Armor: Leather armour    |     8 |     3 |     8 ||    19
       Skin              |       |       |     3 ||     3
Dodge: Dodged            |    11 |    23 |    53 ||    87
